 Dungeon Crawl Stone Soup version 0.30-a0-808-g6e0788376e (webtiles) character file.

Game seed: 12937506976404281202

352 hikkokomori the Digger (level 6, -3/36 HPs)
             Began as a Gargoyle Earth Elementalist on Feb 26, 2023.
             Slain by a wight
             ... wielding a +2 scimitar
              (8 damage)
             ... on level 4 of the Dungeon.
             The game lasted 00:03:24 (2469 turns).

hikkokomori the Digger (GrEE)                       Turns: 2469, Time: 00:03:25

Health: -3/36      AC:  9    Str: 12    XL:     6   Next: 61%
Magic:  1/9        EV: 11    Int: 17    God:
Gold:   106        SH:  0    Dex: 10    Spells: 5/9 levels left

rFire   . . .      SeeInvis .    (no weapon)
rCold   . . .      Faith    .    (no shield)
rNeg    + . .      Spirit   .    a - +0 robe
rPois   ∞          Reflect  .    (no helmet)
rElec   +          Harm     .    (no cloak)
rCorr   .          Rampage  .    (no gloves)
Will    .....                    e - +2 pair of boots
Stlth   +++                      (no amulet)
HPRegen 0.26/turn                m - ring of wizardry
MPRegen 0.11/turn                (no ring)

@: no status effects
A: sickness immunity, AC +4, negative energy resistance 1, electricity
resistance, torment resistance 1, petrification resistance
a: no special abilities


You were on level 4 of the Dungeon.
You visited 1 branch of the dungeon, and saw 4 of its levels.

You collected 178 gold pieces.
You spent 72 gold pieces at shops.

Inventory:

Armour
 a - a +0 robe (worn)
 e - a +2 pair of boots (worn)
Jewellery
 m - a ring of wizardry (left hand)
Wands
 k - a wand of flame (5)
Scrolls
 c - a scroll of fear {unknown}
 l - 2 scrolls of noise {unknown}
 n - a scroll of amnesia {unknown}
 o - a scroll of torment {unknown}
 p - a scroll of fog
 q - a scroll of enchant armour {unknown}
 r - a scroll of identify
Potions
 b - a potion of magic
 d - 2 potions of curing
 f - a potion of flight {unknown}
 g - a potion of brilliance {unknown}
 h - a potion of ambrosia
 i - 2 potions of lignification {unknown}
 j - a potion of heal wounds {unknown}


   Skills:
 + Level 2.5 Fighting
 - Level 1.5 Dodging
 + Level 5.0 Stealth
 - Level 2.0 Spellcasting
 + Level 2.5 Conjurations
 - Level 0.7 Transmutations
 + Level 5.8 Earth Magic


You had 5 spell levels left.
You knew the following spells:

 Your Spells              Type           Power      Damage    Failure   Level
a - Sandblast             Erth           42%        2d11      1%          1
b - Stone Arrow           Conj/Erth      30%        3d8       4%          3

Your spell library contained the following spells:

 Spells                   Type           Power      Damage    Failure   Level
 Passwall                 Tmut/Erth      10%        N/A       3%          2
 Sting                    Tmut/Pois      8%         1d3       7%          1
 Momentum Strike          Conj/Tloc      12%        3d8       7%          2
 Blink                    Tloc           2%         N/A       12%         2
 Lesser Beckoning         Tloc           2%         N/A       12%         2
 Poisonous Vapours        Pois/Air       2%         N/A       12%         2
 Petrify                  Tmut/Erth      12%        N/A       21%         4
 Olgreb's Toxic Radiance  Pois           1%         N/A       56%         4


Dungeon Overview and Level Annotations

Branches:
Dungeon (4/15)
 Temple: D:4-7

Altars:
Uskayaw
Yredelemnul

Shops:
D:1 (   D:3 *

Annotations:
D:2 Terence


Innate Abilities, Weirdness & Mutations

You are immune to sickness and miasma.
Your stone body is resilient. (AC +4)
You are immune to poison.
You resist negative energy. (rN+)
You are resistant to electric shocks. (rElec)
You are resistant to unholy torment.
You are immune to petrification.


Message History

Confirm with . or Enter, or press ? or * to list all spells.
Aiming: Sandblast (safe; 1% risk of failure)
Press: ? - help, Shift-Dir - straight line, f/p - wight
Aim: a wight, wielding a +0 dire flail and wearing a +0 robe (severely damaged, 83% to hit)
The blast of sand hits the wight.
The wight is almost destroyed.
The wight closely misses you. The wight barely misses you.
Casting: Sandblast (safe; 1% risk of failure)
Confirm with . or Enter, or press ? or * to list all spells.
Aiming: Sandblast (safe; 1% risk of failure)
Press: ? - help, Shift-Dir - straight line, f/p - wight
Aim: a wight, wielding a +0 dire flail and wearing a +0 robe (almost destroyed, 83% to hit)
The blast of sand hits the wight!
You destroy the wight!
Your Stealth skill increases to level 5!
Casting: Sandblast (safe; 1% risk of failure)
Confirm with . or Enter, or press ? or * to list all spells.
Aiming: Sandblast (safe; 1% risk of failure)
Press: ? - help, Shift-Dir - straight line, f - wight
Aim: a wight, wielding a +2 scimitar and wearing a +0 robe (83% to hit)
The blast of sand hits the wight but does no damage.
The wight barely misses you. The wight hits you with a +2 scimitar!
* * * LOW HITPOINT WARNING * * *
Casting: Sandblast (safe; 1% risk of failure)
Confirm with . or Enter, or press ? or * to list all spells.
Aiming: Sandblast (safe; 1% risk of failure)
Press: ? - help, Shift-Dir - straight line, f/p - wight
Aim: a wight, wielding a +2 scimitar and wearing a +0 robe (83% to hit)
The blast of sand hits the wight!
The wight is severely damaged.
The wight barely misses you.
Casting: Sandblast (safe; 1% risk of failure)
Confirm with . or Enter, or press ? or * to list all spells.
Aiming: Sandblast (safe; 1% risk of failure)
Press: ? - help, Shift-Dir - straight line, f/p - wight
Aim: a wight, wielding a +2 scimitar and wearing a +0 robe (severely damaged, 83% to hit)
The blast of sand hits the wight.
The wight is severely damaged.
The wight hits you with a +2 scimitar!
You die...

.# #.# ##... ##...♣...#. #
....... ...########## ...
>....#
#.......@zz.#######...#
...###
..########............ ♣.##
#. #......##.. ...### #)##
##...)....... <....### #..#
#.....###### .......####.#
#.....#
##...♣.'....########.....#..
###...##...................
##.###.......#.....)..#..


You could see 2 wights.

Vanquished Creatures
  An ogre (D:4)
  A necrophage (D:4)
  A wight (D:4)
  A gnoll bouda (D:4)
  4 gnolls (D:4)
  5 adders
  A dart slug (D:4)
  An orc (D:3)
  6 endoplasms
  4 giant cockroaches
  A goblin (D:1)
  4 hobgoblins
  2 quokkas (D:4)
  11 ball pythons
  3 bats
  A frilled lizard (D:2)
  4 kobolds
  3 rats (D:1)
54 creatures vanquished.

Notes
Turn   | Place    | Note
-------+----------+-------------------------------------------
     0 | D:1      | hikkokomori the Gargoyle Earth Elementalist began the quest
                  | for the Orb.
     0 | D:1      | Reached XP level 1. HP: 10/10 MP: 3/3
   185 | D:1      | Reached XP level 2. HP: 15/15 MP: 3/5
   347 | D:1      | Found Byacwax's Antique Weapon Shoppe.
   913 | D:2      | Reached XP level 3. HP: 19/19 MP: 3/6
  1177 | D:2      | Noticed Terence
  1287 | D:3      | Reached XP level 4. HP: 11/24 MP: 5/7
  1343 | D:3      | Found a hide-covered altar of Uskayaw.
  1461 | D:3      | Learned a level 3 spell: Stone Arrow
  1507 | D:3      | Found Ilyrad's Assorted Antiques.
  1510 | D:3      | Bought an iron wand for 72 gold pieces
  1781 | D:3      | Found a basalt altar of Yredelemnul.
  2132 | D:4      | Reached skill level 5 in Earth Magic
  2163 | D:4      | Noticed a lemure
  2163 | D:4      | Noticed a lemure
  2163 | D:4      | Noticed a lemure
  2255 | D:4      | Reached skill level 1 in Fighting
  2255 | D:4      | Reached skill level 1 in Conjurations
  2255 | D:4      | Reached XP level 5. HP: 29/29 MP: 2/8
  2356 | D:4      | Noticed an ogre
  2361 | D:4      | Killed an ogre
  2362 | D:4      | Reached XP level 6. HP: 35/35 MP: 6/9
  2467 | D:4      | Reached skill level 5 in Stealth
  2469 | D:4      | Slain by a wight

Illustrated notes

Levels and vault maps discovered:
D:1:      heliophobic_arrival_dark_side_of_the_moon, layout_loops_ring,
          serial_shops, nicolae_shop_overgrown_old_shop, minmay_tetromino_t2
D:2:      layout_basic, minivault_5, uniq_terence
D:3:      layout_basic, overflow_temple_1_default,
          nicolae_uskayaw_murder_on_the_dancefloor, serial_shops,
          nicolae_shop_crystal, skrybe_limestone_x
D:4:      layout_rooms, lemuel_tele_altar, lemuel_coloured_pillars_altar,
          mainiacjoe_overflow_small_starburst, grunt_ministairs_13,
          uniq_blork_the_orc, uniq_edmund, uniq_pikel

Skill      XL: |  1  2  3  4  5  6 |
---------------+-------------------+-----
Earth Magic    | 4 5 |  5.8
Stealth        | 3 4 5 |  5.0
Fighting       | 1 2 |  2.5
Conjurations   | 1 2 |  2.5
Dodging        | |  1.5
Spellcasting   | |  2.0
Transmutations | |  0.7

Action                     |  1- 3 |  4- 6 || total
---------------------------+-------+-------++-------
  Melee: Unarmed           |    14 |       ||    14
   Cast: Sandblast         |    40 |    41 ||    81
  Evoke: Wand              |       |     8 ||     8
    Use: Scroll            |     3 |       ||     3
         Potion            |     1 |       ||     1
 Armour: Robe              |    16 |     8 ||    24
  Dodge: Dodged            |    19 |    18 ||    37

Table legend: (Time is in decaauts)
 A = Elapsed time spent in this place.
 B = Non-inter-level travel time spent in this place.
 C = Inter-level travel time spent in this place.
 D = Time resting spent in this place.
 E = Time spent auto-exploring this place.
 F = Levels seen in this place.
 G = Mean time per level.
                   A        B        C        D        E       F      G
               +--------+--------+--------+--------+--------+-----+--------+
         Total |   2508 |   2409 |     99 |      0 |   2036 |   4 |  627.0 |
       Dungeon |   2508 |   2409 |     99 |      0 |   2036 |   4 |  627.0 |
               +--------+--------+--------+--------+--------+-----+--------+

Top non-repeatable levels by time:
     D:3: 978 daAuts
     D:1: 867 daAuts
     D:2: 344 daAuts
     D:4: 317 daAuts
